AoeStats
← Iceman7191

African Clearing

510459563Analyzed
2v2 RM · 21h ago on Oct 1, 2026· 73m 40s· 4 players
Game mode
Random Map
Map size
Medium (4 player)
Population
200
Speed
Normal
Resources
Standard
Victory
Conquest
Starting age
Dark Age
Ending age
Imperial Age
RankedLock teamsTeams togetherTeam positionsShared explorationLock speedFull tech treeHidden civsTurbo modeCheats
Victory
Defeat
🇺🇸 Magyars · United States
828
+19
🇺🇸 Chinese · United States
824
+19
🇺🇸 Varangians · United States
903
-19
🇺🇸 Danes · United States
903
-19
Iceman7191
14:22 Feudal Age
15:41 Wheelbarrow
14:55 Double-Bit Axe
20:31 Castle Age
19:04 Man-at-Arms
19:51 Scale Mail Armor
20:46 Gold Mining
21:41 Squires
22:48 Stone Mining
23:38 Arson
29:14 Forging
30:46 Iron Casting
30:27 Chain Mail Armor
31:33 Gambesons
32:13 Hand Cart
39:43 Imperial Age
37:53 Bow Saw
39:46 Horse Collar
40:50 Conscription
40:41 Town Watch
42:30 Plate Mail Armor
44:01 Blast Furnace
44:41 Elite Jomsviking
44:42 Hamask
45:27 Capped Ram
49:19 Onager
51:57 Siege Onager
52:08 Northmen's Fury
54:44 Ballistics
55:24 Chemistry
54:37 Siege Ram
56:53 Gold Shaft Mining
56:54 Stone Shaft Mining
57:51 Fletching
62:50 Heavy Scorpion
64:17 Hoardings
72:53 Bodkin Arrow
73:18 Elite Skirmisher
74:04 Thumb Ring
Protoclaw
13:25 Feudal Age
12:39 Loom
14:54 Double-Bit Axe
18:59 Castle Age
17:14 Double-Bit Axe
20:42 Gold Mining
23:02 Horse Collar
27:29 Wheelbarrow
27:07 Bloodlines
28:32 Scale Barding Armor
29:54 Heavy Plow
30:05 Bow Saw
33:05 Hand Cart
34:34 Scale Mail Armor
38:34 Ballistics
41:23 Forging
41:20 Husbandry
46:00 Pikeman
46:05 Elite Skirmisher
47:28 Squires
47:27 Fletching
48:51 Chain Mail Armor
51:44 Imperial Age
57:49 Two-Man Saw
68:25 Padded Archer Armor
WillOfTheGodz
5:01 Loom
13:35 Feudal Age
15:49 Wheelbarrow
15:02 Town Watch
15:49 Man-at-Arms
19:21 Scale Mail Armor
25:40 Castle Age
26:18 Pikeman
27:57 Corvinian Army
29:43 Scale Barding Armor
30:12 Double-Bit Axe
31:14 Chain Barding Armor
31:20 Hand Cart
31:26 Bow Saw
32:40 Stone Mining
34:04 Town Patrol
34:16 Murder Holes
34:38 Horse Collar
35:36 Gold Mining
44:27 Imperial Age
44:26 Fletching
44:49 Masonry
45:00 Ballistics
45:59 Heavy Plow
46:39 Elite Magyar Huszar
50:40 Two-Man Saw
53:16 Hoardings
56:44 Gold Shaft Mining
57:31 Siege Engineers
57:13 Treadmill Crane
59:37 Long Swordsman
62:04 Crop Rotation
60:56 Two-Handed Swordsman
61:22 Arson
61:38 Bodkin Arrow
62:00 Chain Mail Armor
62:36 Plate Barding Armor
64:34 Conscription
64:50 Champion
66:58 Chain Mail Armor
lambojimbo
4:03 Loom
14:36 Feudal Age
20:21 Castle Age
22:13 Fletching
23:24 Gold Mining
23:26 Double-Bit Axe
27:43 Pikeman
28:34 Squires
31:25 Bodkin Arrow
32:51 Thumb Ring
34:51 Wheelbarrow
34:29 Murder Holes
34:59 Ballistics
34:51 Scale Mail Armor
35:07 Forging
38:34 Hand Cart
38:11 Town Watch
38:45 Chain Mail Armor
39:42 Bow Saw
41:57 Iron Casting
41:23 Padded Archer Armor
41:28 Horse Collar
41:44 Stone Mining
47:21 Imperial Age
45:19 Leather Archer Armor
48:28 Conscription
48:53 Elite Chu Ko Nu
57:42 Bracer
58:12 Ring Archer Armor
58:43 Blast Furnace
58:13 Plate Mail Armor
58:58 Gold Shaft Mining
58:29 Husbandry
58:40 Bloodlines
57:51 Light Cavalry
58:40 Scale Barding Armor
60:31 Cavalier
62:19 Chemistry
61:15 Heavy Rocket Cart
Connection lost

Rejoining the realm…

Still unreachable

The connection could not be restored.

Session expired

The server has moved on; the page needs a fresh start.